[Event "Titled Tuesday Blitz July 25 Late 2023"]
[White "Fiorito, Francisco"]
[Black "littlepinkyboy"]
[WhiteFideId "180165"]
[WhiteElo "2530"]
[BlackElo "2367"]
[Result "1-0"]
[Round "5"]
[TimeControl "180+2"]
[Date "2023.07.25"]
[WhiteClock "0:00:05"]
[BlackClock "0:00:02"]
[Board "96"]

1. e4 c6 2. Nf3 d5 3. Nc3 dxe4 4. Nxe4 Nf6 5. Ng3 e6 6. d4 b6 7. Bd3 Bb7 8. O-O Be7 9. Re1 Nbd7 10. Qe2 O-O 11. c3 c5 12. Be3 Nd5 13. Bd2 h6 14. Rad1 Qc7 15. Bb1 Nf4 16. Bxf4 Qxf4 17. d5 Bxd5 18. Rxd5 exd5 19. Qxe7 Nf6 20. Qe3 Qxe3 21. Rxe3 Rfe8 22. Nf5 Rxe3 23. Nxe3 Rd8 24. Kf1 d4 25. cxd4 cxd4 26. Nc4 d3 27. Nfd2 Nd5 28. a3 Nf4 29. g3 Ne6 30. Ne5 Nc5 31. f4 f6 32. Nec4 Kf8 33. b4 Na4 34. Kf2 Nc3 35. Ke3 Nd1+ 36. Ke4 Nc3+ 37. Kf3 b5 38. Ne3 Nxb1 39. Nxb1 Rc8 40. Ke4 Rc1 41. Nd2 Rc3 42. Kd4 Rxa3 43. Nd5 a5 44. bxa5 Rxa5 45. Kxd3 Kf7 46. f5 Ra3+ 47. Kd4 Ra2 48. Ke3 Rb2 49. g4 b4 50. h4 b3 51. Kd3 Rc2 52. Nxb3 Rh2 53. h5 Rh3+ 54. Ne3 Ke7 55. Nd4 Kf7 56. Ne6 Rg3 57. Ke4 Rh3 58. Nd5 Rh1 59. Ndf4 Re1+ 60. Kf3 Ra1 61. Nd4 Ra3+ 62. Ke4 Ra1 63. Nd5 Re1+ 64. Ne3 Rg1 65. Ne2 Re1 66. Nc3 Ra1 67. Nb5 Ra4+ 68. Kd5 Rb4 69. Nd6+ Kf8 70. Ke6 Rb3 71. Nd5 Rg3 72. Nf4 Rxg4 73. Ng6+ Kg8 74. Nc8 Re4+ 75. Kd5 Rg4 76. Ke6 Re4+ 77. Kd6 Re8 78. Nce7+ Kf7 79. Kd7 Ra8 80. Nc6 Ra4 81. Nd8+ Kg8 82. Ke7 Re4+ 83. Kd7 Re1 84. Ne6 Rd1+ 85. Ke8 Rf1 86. Ne7+ Kh7 87. Kf7 Rh1 88. Nf8+ Kh8 89. Neg6# 1-0


[Site "https://www.chess.com"]

[Event "Titled Tuesday Blitz July 25 Late 2023"]
[White "Garakov, Mikhael"]
[Black "Yu, Jennifer"]
[WhiteFideId "4169034"]
[BlackFideId "2078341"]
[WhiteElo "2527"]
[BlackElo "2359"]
[Result "0-1"]
[Round "5"]
[TimeControl "180+2"]
[Date "2023.07.25"]
[WhiteClock "0:00:06"]
[BlackClock "0:00:05"]
[Board "97"]

1. e4 e5 2. Nf3 Nc6 3. Bb5 a6 4. Bxc6 dxc6 5. O-O Bd6 6. d4 exd4 7. Qxd4 f6 8. h3 Ne7 9. Rd1 Ng6 10. Na3 Qe7 11. Nc4 Bc5 12. Qd3 O-O 13. Be3 Be6 14. Na5 Rab8 15. Nb3 Bd6 16. Nbd4 Rbd8 17. Nxe6 Qxe6 18. Nd4 Qe5 19. Qb3+ Kh8 20. Nf3 Qxe4 21. Rd4 Qf5 22. Qxb7 Ne5 23. Nxe5 Qxe5 24. g3 Rb8 25. Qxc6 Rxb2 26. Rad1 Qf5 27. g4 Qxc2 28. Qxa6 Rxa2 29. Qc4 Qxc4 30. Rxc4 Re8 31. Bc5 Be5 32. f4 Bd6 33. Bxd6 cxd6 34. Rc6 h5 35. Rcxd6 Ree2 36. R6d5 Rg2+ 37. Kf1 hxg4 38. hxg4 Rxg4 39. R5d4 Kh7 40. f5 Rxd4 41. Rxd4 Kh6 42. Rg4 Ra5 43. Rg6+ Kh7 44. Rg3 Rxf5+ 45. Ke2 g5 46. Ke3 Kg6 47. Ke4 Rf4+ 48. Ke3 f5 49. Rg1 Re4+ 50. Kf3 g4+ 51. Kg3 Kg5 52. Ra1 Re3+ 53. Kf2 f4 54. Ra8 g3+ 55. Kg2 Re2+ 56. Kf3 Rf2+ 57. Ke4 g2 58. Rg8+ Kf6 59. Kd3 f3 60. Ke3 Rf1 61. Rf8+ Ke7 62. Rh8 g1=Q+ 0-1


[Site "https://www.chess.com"]

[Event "Titled Tuesday Blitz July 25 Late 2023"]
[White "Karamsetty, Jeevan"]
[Black "kripri"]
[WhiteFideId "2025337"]
[WhiteElo "2527"]
[BlackElo "2350"]
[Result "1-0"]
[Round "5"]
[TimeControl "180+2"]
[Date "2023.07.25"]
[WhiteClock "0:00:59"]
[BlackClock "0:00:05"]
[Board "98"]

1. b3 d5 2. Bb2 Nc6 3. g3 e5 4. Bg2 Nf6 5. d3 Be7 6. Nd2 O-O 7. e4 d4 8. Ne2 Be6 9. O-O Nd7 10. f4 f6 11. f5 Bf7 12. g4 a5 13. a4 Re8 14. Ng3 Nf8 15. h4 h6 16. Nf3 Nh7 17. Bc1 Nb4 18. g5 hxg5 19. hxg5 Nxg5 20. Bxg5 fxg5 21. Nxe5 Bd6 22. Nxf7 Kxf7 23. Qh5+ Kg8 24. f6 Re6 25. fxg7 Bf4 26. Bh3 Rf6 27. Bf5 Kxg7 28. Qh7+ Kf8 29. Nh5 Rf7 30. Qh6+ Ke7 31. Qe6+ Kf8 32. Bg6 Re7 33. Nxf4 gxf4 34. Rxf4+ Kg7 35. Qf6+ Kg8 36. Bh7+ Kxh7 37. Rh4+ 1-0


[Site "https://www.chess.com"]

[Event "Titled Tuesday Blitz July 25 Late 2023"]
[White "Martinez Reyes, Pedro Ramon"]
[Black "Miguelitro69"]
[WhiteFideId "3901807"]
[WhiteElo "2525"]
[BlackElo "2337"]
[Result "1-0"]
[Round "5"]
[TimeControl "180+2"]
[Date "2023.07.25"]
[WhiteClock "0:01:52"]
[BlackClock "0:00:00"]
[Board "99"]

1. e4 c5 2. b3 e5 3. Bc4 d6 4. Bb2 Nc6 5. f4 Nf6 6. d3 Be7 7. Nf3 exf4 8. O-O Be6 9. Nbd2 Bxc4 10. Nxc4 d5 11. exd5 Qxd5 12. Qd2 O-O 13. Rae1 Rfe8 14. Qxf4 b5 15. Ne3 Qh5 16. Nf5 Nd5 17. Nxe7+ Rxe7 18. Qg3 Qg6 19. Rxe7 Ncxe7 20. Qf2 Rf8 21. Qxc5 Nf4 22. g3 Nh3+ 23. Kg2 Nf4+ 24. Kh1 Ne6 25. Qxe7 Qf5 26. Kg2 Qd5 27. Rf2 a5 28. Qh4 h6 29. Qe4 Qd6 30. Qe5 1-0


[Site "https://www.chess.com"]

[Event "Titled Tuesday Blitz July 25 Late 2023"]
[White "Korpics, Zsolt"]
[Black "Santos Flores, Alberto"]
[WhiteFideId "705241"]
[BlackFideId "3601234"]
[WhiteElo "2343"]
[BlackElo "2525"]
[Result "0-1"]
[Round "5"]
[TimeControl "180+2"]
[Date "2023.07.25"]
[WhiteClock "0:00:00"]
[BlackClock "0:00:47"]
[Board "100"]

1. e4 e6 2. d4 d5 3. Nc3 Nf6 4. Bg5 Bb4 5. e5 h6 6. Bc1 Ne4 7. Qg4 Kf8 8. Ne2 c5 9. a3 Nxc3 10. bxc3 Ba5 11. Bd2 Nc6 12. Rd1 cxd4 13. cxd4 Bxd2+ 14. Rxd2 Qa5 15. Qf3 b6 16. Qc3 Bd7 17. g3 Rc8 18. Qxa5 Nxa5 19. Bg2 Bb5 20. f4 Ke7 21. f5 Bxe2 22. Kxe2 Rc3 23. Ra1 Nc4 24. Rd3 Rxc2+ 25. Kf3 exf5 26. Bh3 Ke6 27. Kf4 g5+ 28. Kf3 g4+ 29. Bxg4 fxg4+ 30. Kxg4 Rxh2 31. Rf1 Rg8+ 32. Kf3 Nd2+ 33. Rxd2 Rxd2 34. Rc1 Rxd4 35. Rc6+ Kxe5 36. g4 Rdxg4 37. a4 Rxa4 38. Rxh6 f5 39. Kf2 Kf4 40. Rh4+ Rg4 41. Rh3 Ra2+ 42. Kf1 Rg3 43. Rh4+ Kf3 0-1


[Site "https://www.chess.com"]

[Event "Titled Tuesday Blitz July 25 Late 2023"]
[White "Benedetti, Julio"]
[Black "Fernandez Siles, Luis"]
[WhiteFideId "172545"]
[BlackFideId "2209420"]
[WhiteElo "2517"]
[BlackElo "2333"]
[Result "1/2-1/2"]
[Round "5"]
[TimeControl "180+2"]
[Date "2023.07.25"]
[WhiteClock "0:00:28"]
[BlackClock "0:00:16"]
[Board "101"]

1. e4 c5 2. Nc3 Nc6 3. f4 g6 4. Nf3 Bg7 5. Bc4 e6 6. f5 Nge7 7. fxe6 dxe6 8. d3 O-O 9. O-O Na5 10. Bb3 Nec6 11. Qe1 Nxb3 12. axb3 b6 13. Bg5 f6 14. Be3 Bb7 15. Qh4 Nd4 16. Rf2 Nxf3+ 17. Rxf3 f5 18. Bg5 Bf6 19. Bxf6 Qxf6 20. Qxf6 Rxf6 21. Nb5 Rf7 22. Nd6 Rd7 23. Nxb7 Rxb7 24. exf5 exf5 25. Re3 Kf7 26. Rae1 a5 27. Rh3 Kf6 28. Rhe3 a4 29. bxa4 Rxa4 30. b3 Raa7 31. Re6+ Kf7 32. Rc6 Ra2 33. Re2 Re7 34. Rxe7+ Kxe7 35. Rxb6 Rxc2 36. Rb7+ Kf6 37. Rxh7 Rc3 38. Rc7 Rxd3 39. Rxc5 Rxb3 1/2-1/2


[Site "https://www.chess.com"]

[Event "Titled Tuesday Blitz July 25 Late 2023"]
[White "Shapiro, Viktor"]
[Black "Tsyhanchuk, Stanislav"]
[WhiteFideId "4175700"]
[BlackFideId "13505130"]
[WhiteElo "2512"]
[BlackElo "2326"]
[Result "1-0"]
[Round "5"]
[TimeControl "180+2"]
[Date "2023.07.25"]
[WhiteClock "0:00:42"]
[BlackClock "0:00:07"]
[Board "102"]

1. Nf3 Nf6 2. c4 e6 3. Nc3 d5 4. d4 dxc4 5. Bg5 Bb4 6. e3 b5 7. a4 c6 8. Nd2 Bxc3 9. bxc3 Bb7 10. Rb1 a6 11. Bxc4 O-O 12. O-O Nbd7 13. Bd3 h6 14. Bh4 e5 15. c4 exd4 16. exd4 Nb6 17. axb5 axb5 18. Nf3 bxc4 19. Bxc4 Nxc4 20. Rxb7 g5 21. Nxg5 hxg5 22. Bxg5 Qd6 23. Qf3 Nd5 24. Rc1 Ncb6 25. h4 Rac8 26. Qg4 Qe6 27. Qg3 Kh7 28. h5 Qf5 29. Re1 Rg8 30. Re5 Qb1+ 31. Kh2 Rcf8 32. Qf3 Qf1 33. Rxf7+ Rxf7 34. Qxf7+ Rg7 35. Qf5+ Kg8 36. Re8# 1-0


[Site "https://www.chess.com"]

[Event "Titled Tuesday Blitz July 25 Late 2023"]
[White "Terletsky, Oleg"]
[Black "Sala, Giulia"]
[WhiteFideId "14116774"]
[BlackFideId "2840451"]
[WhiteElo "2512"]
[BlackElo "2322"]
[Result "1-0"]
[Round "5"]
[TimeControl "180+2"]
[Date "2023.07.25"]
[WhiteClock "0:00:15"]
[BlackClock "0:00:00"]
[Board "103"]

1. e4 e5 2. Nf3 Nc6 3. Nc3 Nf6 4. d4 exd4 5. Nxd4 Bb4 6. Nxc6 bxc6 7. Bd3 d5 8. exd5 cxd5 9. O-O O-O 10. Bg5 Bb7 11. Qf3 Rb8 12. Bxf6 Qxf6 13. Qxf6 gxf6 14. Ne2 Bd6 15. Nd4 c5 16. Nf5 Be5 17. Rab1 c4 18. Be2 Ba8 19. b3 c3 20. Bf3 d4 21. Bxa8 Rxa8 22. Rbd1 Rad8 23. f4 Bc7 24. Rf3 Bb6 25. Kf1 Rfe8 26. Rfd3 Re4 27. g3 Rd5 28. Nh4 Ra5 29. a4 Rh5 30. Nf3 Rd5 31. Rxc3 dxc3 32. Rxd5 Re3 33. Ne1 Re8 34. a5 Be3 35. b4 Bd2 36. Nd3 Re3 37. b5 Rf3+ 38. Ke2 Re3+ 39. Kf2 Re8 40. Kf3 Kg7 41. b6 axb6 42. axb6 Rb8 43. Rb5 Kg6 44. b7 h5 45. Nc5 Re8 46. b8=Q Re3+ 47. Kf2 Re7 48. Rb7 Be3+ 49. Kf3 Bxc5 50. Qg8+ Kf5 51. Rxe7 Bxe7 52. Qxf7 Bc5 53. Qd5+ Kg6 54. Qxc5 1-0


[Site "https://www.chess.com"]

[Event "Titled Tuesday Blitz July 25 Late 2023"]
[White "Barwinska, Ewa"]
[Black "Toniutti, Ezio"]
[WhiteFideId "21833761"]
[BlackFideId "113034"]
[WhiteElo "2311"]
[BlackElo "2510"]
[Result "0-1"]
[Round "5"]
[TimeControl "180+2"]
[Date "2023.07.25"]
[WhiteClock "0:00:00"]
[BlackClock "0:00:49"]
[Board "104"]

1. e4 e5 2. Nf3 Nc6 3. Bc4 Nf6 4. d3 Be7 5. O-O O-O 6. c3 d6 7. Re1 Na5 8. Bb3 Nxb3 9. Qxb3 Bg4 10. Nbd2 Qc8 11. d4 Nd7 12. h3 Bh5 13. a4 Bf6 14. Qc2 Re8 15. Qd3 Nf8 16. Nb3 Ne6 17. d5 Nf8 18. Nbd2 Nd7 19. b4 a5 20. Nf1 Qd8 21. Ng3 Bg6 22. Bd2 b6 23. Nh2 Rf8 24. Ng4 Bg5 25. Bxg5 Qxg5 26. Qc4 Rfc8 27. Qc6 Nf8 28. Rab1 h5 29. Ne3 Nh7 30. Nef5 h4 31. Nf1 Bxf5 32. exf5 Qxf5 33. Ne3 Qg5 34. bxa5 Rxa5 35. Rxb6 Rc5 36. Qd7 cxb6 37. Nf5 Qd8 38. Ne7+ Kh8 0-1


[Site "https://www.chess.com"]

[Event "Titled Tuesday Blitz July 25 Late 2023"]
[White "O`Gorman, Tom"]
[Black "Santos, Rafael Ventura Dos"]
[WhiteFideId "2508249"]
[BlackFideId "2122227"]
[WhiteElo "2509"]
[BlackElo "2308"]
[Result "1/2-1/2"]
[Round "5"]
[TimeControl "180+2"]
[Date "2023.07.25"]
[WhiteClock "0:00:23"]
[BlackClock "0:00:16"]
[Board "105"]

1. c4 e5 2. Nc3 Nf6 3. g3 c6 4. d4 e4 5. Bg2 d5 6. Bg5 Nbd7 7. e3 h6 8. Bxf6 Nxf6 9. cxd5 cxd5 10. f3 exf3 11. Nxf3 Bd6 12. O-O O-O 13. Ne5 Be6 14. Qd3 a6 15. Rad1 Re8 16. e4 dxe4 17. Nxe4 Nxe4 18. Qxe4 Bxe5 19. dxe5 Qb6+ 20. Kh1 Qxb2 21. a4 Rab8 22. Rb1 Qa3 23. Rf3 Qa2 24. Rff1 Red8 25. Rxb7 Rxb7 26. Qxb7 Rd2 27. Qb8+ Kh7 28. Qb1+ Qxb1 29. Rxb1 Ra2 30. Bc6 Re2 31. Rb6 Bc4 32. Bb7 a5 33. Ba6 Bxa6 34. Rxa6 Rxe5 35. Kg2 g5 36. Kf3 Kg7 37. h4 f6 38. hxg5 hxg5 39. Ra8 Rc5 40. Kg4 Kg6 41. Rg8+ Kf7 42. Ra8 Rc4+ 43. Kf5 Rc5+ 44. Ke4 Ke6 45. Ra6+ Ke7 46. Kd4 Re5 47. Rb6 Rf5 48. Rb3 Kd7 49. Kc4 Kc6 50. Re3 Rc5+ 51. Kd4 Rd5+ 52. Kc4 Re5 53. Rf3 Re4+ 54. Kb3 Rb4+ 55. Ka3 Rg4 56. Rxf6+ Kb7 57. Rf3 Kb6 58. Kb3 Kc5 59. Rc3+ Kb6 60. Rd3 Kc5 61. Re3 Rb4+ 62. Ka3 Rg4 63. Re5+ Kb6 64. Re3 Kc5 65. Rf3 Kb6 66. Kb3 Kc5 67. Rc3+ Kb6 68. Rf3 1/2-1/2


[Site "https://www.chess.com"]

[Event "Titled Tuesday Blitz July 25 Late 2023"]
[White "Tikhonov, Viacheslav"]
[Black "Georg, Heinz"]
[WhiteFideId "44196407"]
[BlackFideId "4607295"]
[WhiteElo "2509"]
[BlackElo "2289"]
[Result "1/2-1/2"]
[Round "5"]
[TimeControl "180+2"]
[Date "2023.07.25"]
[WhiteClock "0:00:24"]
[BlackClock "0:00:11"]
[Board "106"]

1. d4 Nf6 2. c4 e6 3. Nf3 d5 4. g3 c6 5. Bg2 Be7 6. O-O O-O 7. Nc3 dxc4 8. Ne5 c5 9. dxc5 Bxc5 10. Nxc4 Nc6 11. Bf4 e5 12. Nxe5 Nxe5 13. Bxe5 Re8 14. Qxd8 Rxd8 15. Bxf6 gxf6 16. Rfd1 Be6 17. Bxb7 Rxd1+ 18. Nxd1 Rd8 19. Be4 Rd2 20. Bd3 Bh3 21. Rc1 Bb6 22. a3 h5 23. Rb1 Kf8 24. Nc3 Bd4 25. Nd1 Ke7 26. Ne3 Rxb2 27. Rxb2 Bxb2 28. a4 Kd7 29. f3 Bd4 30. Kf2 Kc6 31. Bc4 Be6 32. Bb5+ Kc5 33. f4 Bd5 34. Be8 Kb4 35. h4 Kc3 36. g4 hxg4 37. h5 Kd2 38. h6 Bxe3+ 39. Kg3 Be4 40. Bxf7 Bh7 41. Kxg4 Kxe2 42. Be6 Kf2 43. Bf5 Bg8 44. Be4 Bd2 45. Bd5 Bh7 46. Be6 a5 47. Bf5 Bg8 48. Bc2 Ke3 49. Bg6 Bc3 50. Kf5 Bd4 51. Bh5 Bh7+ 52. Bg6 Bg8 53. Kg4 Bc3 54. Bf5 Bd4 55. Kh5 Bc3 56. Kg6 Kxf4 57. Kg7 Kxf5 58. Kxg8 Kg6 59. h7 f5 60. Kf8 Kxh7 61. Ke7 Kg6 62. Ke6 f4 63. Kd5 Kg5 64. Kc4 Kg4 65. Kxc3 Kg3 66. Kc4 f3 67. Kb5 f2 68. Kxa5 f1=Q 69. Kb6 Qb1+ 70. Ka6 Qb3 71. a5 Qb8 1/2-1/2


[Site "https://www.chess.com"]

[Event "Titled Tuesday Blitz July 25 Late 2023"]
[White "rikchessmx"]
[Black "Kanakaris, Georgios"]
[BlackFideId "4209460"]
[WhiteElo "2276"]
[BlackElo "2506"]
[Result "0-1"]
[Round "5"]
[TimeControl "180+2"]
[Date "2023.07.25"]
[WhiteClock "0:01:11"]
[BlackClock "0:01:09"]
[Board "107"]

1. e4 c5 2. Nf3 d6 3. d4 cxd4 4. Nxd4 Nf6 5. Nc3 a6 6. f4 e5 7. Nf3 Qc7 8. Bd3 Nbd7 9. O-O Nc5 10. Kh1 Nxd3 11. cxd3 Be7 12. Be3 O-O 13. Rc1 Qd8 14. d4 exf4 15. Bxf4 Bg4 16. h3 Bh5 17. Qd2 d5 18. e5 Ne4 19. Nxe4 dxe4 20. Ng5 Qd5 21. Qe3 Bg6 22. b3 Rac8 23. Rce1 Bb4 24. Nxe4 Bxe1 25. Rxe1 Qxe4 26. Qxe4 Bxe4 27. Rxe4 Rfd8 28. e6 fxe6 29. Be5 Rc2 30. a4 Rf8 31. Re3 Rff2 32. Rg3 g6 33. h4 Rf1+ 34. Kh2 Rfc1 35. h5 Rc3 36. Rg5 Kf7 37. hxg6+ hxg6 38. Rg4 Rxb3 39. Rh4 g5 40. Rh7+ Kg6 41. Re7 Kf5 42. Rf7+ Kg4 43. Re7 Rbb1 44. g3 Rc2# 0-1


[Site "https://www.chess.com"]

[Event "Titled Tuesday Blitz July 25 Late 2023"]
[White "Cardozo Munar, Carlos Eduardo"]
[Black "only_strong_moves"]
[WhiteFideId "4409477"]
[WhiteElo "2260"]
[BlackElo "2502"]
[Result "0-1"]
[Round "5"]
[TimeControl "180+2"]
[Date "2023.07.25"]
[WhiteClock "0:00:00"]
[BlackClock "0:00:12"]
[Board "108"]

1. e4 e5 2. Nf3 Nc6 3. Nc3 Nf6 4. Nxe5 Nxe5 5. d4 Ng6 6. e5 Bb4 7. exf6 Qxf6 8. Be2 O-O 9. O-O c6 10. Ne4 Qe7 11. Bd3 d5 12. Ng5 h6 13. Nf3 Qf6 14. c3 Bd6 15. h3 Nf4 16. Bxf4 Qxf4 17. Re1 Be6 18. a4 Rfe8 19. a5 a6 20. Qc1 Qf6 21. Ne5 Bf5 22. Bxf5 Qxf5 23. Nf3 Re4 24. Rxe4 dxe4 25. Qc2 Qf4 26. Ne5 Bxe5 27. dxe5 Qxe5 28. Re1 Re8 29. b4 Re6 30. Re3 f5 31. Qd2 f4 32. Re1 f3 33. g3 Rd6 34. Qe3 Re6 35. Rd1 Kh7 36. Rd4 Qf5 37. Kh2 h5 38. h4 Qe5 39. Rd7 Qb5 40. Qd4 Qe5 41. Qe3 Rg6 42. Rxb7 Qd5 43. Re7 Qa2 44. Rxe4 Rf6 45. Qd4 Qc2 46. Re1 Qb2 47. Rd1 Rd6 48. Qe4+ Kh8 49. Qxf3 Rf6 50. Qxh5+ Kg8 51. Rd8+ Rf8 52. Rxf8+ Kxf8 53. Qf5+ Ke7 54. Qe4+ Kd7 55. Qe3 Kd6 56. g4 Kd5 57. g5 Kc4 58. Qd4+ Kb3 59. h5 Qb1 60. h6 gxh6 61. gxh6 Qg6 62. Qg7 Qh5+ 63. Kg3 Qd1 64. h7 Qg1+ 65. Kf3 Qxg7 66. Ke2 Qxh7 67. f4 Qc2+ 68. Ke3 Qxc3+ 69. Ke4 Qxb4+ 70. Ke5 Qxa5+ 71. Ke6 Qd5+ 72. Kf6 a5 73. f5 a4 74. Kg5 a3 0-1


[Site "https://www.chess.com"]

[Event "Titled Tuesday Blitz July 25 Late 2023"]
[White "Lopez Perdomo, Juan David"]
[Black "Plotkin, Victor"]
[WhiteFideId "4405137"]
[BlackFideId "2606674"]
[WhiteElo "2225"]
[BlackElo "2501"]
[Result "0-1"]
[Round "5"]
[TimeControl "180+2"]
[Date "2023.07.25"]
[WhiteClock "0:00:00"]
[BlackClock "0:01:38"]
[Board "109"]

1. d4 d5 2. e3 c5 3. c4 cxd4 4. Qxd4 Nf6 5. cxd5 Qxd5 6. Qh4 Nc6 7. Nc3 Qa5 8. Bd2 e5 9. Ne4 Bb4 10. Nd6+ Ke7 11. Nc4 Bxd2+ 12. Nxd2 Rd8 13. O-O-O Qxa2 14. Qc4 Qxc4+ 15. Bxc4 Be6 16. Bxe6 Kxe6 17. Ngf3 Rac8 18. Kb1 Nb4 19. Ng5+ Ke7 20. Ndf3 h6 21. Nh3 Ke6 22. Rhe1 Ne4 23. Rxd8 Rxd8 24. Nfg1 Rd2 0-1


[Site "https://www.chess.com"]

[Event "Titled Tuesday Blitz July 25 Late 2023"]
[White "Ordekalog"]
[Black "Chlpik, Martin"]
[BlackFideId "14923351"]
[WhiteElo "2499"]
[BlackElo "2223"]
[Result "1-0"]
[Round "5"]
[TimeControl "180+2"]
[Date "2023.07.25"]
[WhiteClock "0:00:20"]
[BlackClock "0:00:00"]
[Board "110"]

1. e4 e6 2. Bb5 a6 3. Ba4 b5 4. Bb3 Bb7 5. d3 g6 6. Nf3 Bg7 7. O-O Ne7 8. c3 O-O 9. Be3 d6 10. Qd2 Nd7 11. Bh6 c5 12. Na3 Ne5 13. Nxe5 dxe5 14. Rad1 Qd6 15. Nc2 Rfd8 16. Bxg7 Kxg7 17. Qe3 c4 18. dxc4 Qxd1 19. Rxd1 Rxd1+ 20. Ne1 Rb1 21. h4 Rd8 22. h5 h6 23. hxg6 Nxg6 24. cxb5 axb5 25. Kh2 Rxb2 26. Qb6 Rd7 27. Qxb5 Re7 28. Nd3 Rd2 29. Nxe5 Bxe4 30. Nxg6 Kxg6 31. Qb4 Bc6 32. Qxe7 Rxf2 33. Qc5 Rxg2+ 34. Kh3 Be4 35. Bd1 Rg5 36. Qd4 f5 37. Qh8 f4 38. Qe8+ Kf6 39. Bh5 Bf5+ 40. Kh2 f3 41. Bxf3 Ke5 42. Qb8+ Kf6 43. a4 Bg6 44. Qd8+ Kf5 45. a5 Kf4 46. Bd1 Be4 47. Qf6+ Ke3 48. Qxe6 Rg2+ 49. Kh3 Rf2 50. Qxh6+ Kd3 51. a6 Bf5+ 52. Kg3 1-0


[Site "https://www.chess.com"]

[Event "Titled Tuesday Blitz July 25 Late 2023"]
[White "Roberson, Peter T"]
[Black "campochess"]
[WhiteFideId "412384"]
[WhiteElo "2492"]
[BlackElo "2180"]
[Result "1-0"]
[Round "5"]
[TimeControl "180+2"]
[Date "2023.07.25"]
[WhiteClock "0:00:05"]
[BlackClock "0:00:09"]
[Board "111"]

1. c4 e6 2. d4 c6 3. Nc3 d5 4. e3 Bb4 5. Bd3 Nf6 6. Ne2 Ne4 7. O-O f5 8. f3 Bxc3 9. fxe4 Ba5 10. exf5 O-O 11. fxe6 Rxf1+ 12. Qxf1 Bxe6 13. Nf4 Bf7 14. cxd5 cxd5 15. b3 Bc3 16. Rb1 Nd7 17. Bxh7+ Kxh7 18. Qd3+ Kg8 19. Qxc3 Rc8 20. Qd2 Nf6 21. Bb2 Ne4 22. Qe1 Rc2 23. Nd3 Qg5 24. Nf4 Nd2 25. Kh1 Nxb1 26. Qxb1 Rc6 27. h3 Qg3 28. Qd3 Qf2 29. Ba3 Qe1+ 30. Kh2 Qh4 31. Qf5 Qf6 32. Qd7 Be6 33. Qxb7 Rc2 34. Bd6 Rxa2 35. Be5 Qh6 36. Nxe6 Kh7 37. Bf4 Qf6 38. Qxd5 Ra6 39. Ng5+ Kg6 40. Qe4+ Qf5 41. Qe8+ Kf6 42. Qf8+ Kg6 43. Qxf5+ Kxf5 44. Kg3 Ra3 45. e4+ Kg6 46. Kg4 Rxb3 47. d5 Rb7 48. d6 a5 49. e5 a4 50. e6 Kf6 51. e7 Rb8 52. d7 Kxe7 53. Bxb8 Kxd7 54. Be5 g6 55. Ba1 1-0


[Site "https://www.chess.com"]

[Event "Titled Tuesday Blitz July 25 Late 2023"]
[White "Alboredo, Julia"]
[Black "Djordjevic, Dejan N"]
[WhiteFideId "2124807"]
[BlackFideId "913316"]
[WhiteElo "2487"]
[BlackElo "2111"]
[Result "1-0"]
[Round "5"]
[TimeControl "180+2"]
[Date "2023.07.25"]
[WhiteClock "0:00:10"]
[BlackClock "0:00:00"]
[Board "112"]

1. e4 c5 2. Nf3 Nc6 3. Bc4 d6 4. O-O Nf6 5. Nc3 Bg4 6. h3 Bh5 7. Be2 a6 8. a4 e6 9. d4 Bxf3 10. Bxf3 Nxd4 11. e5 dxe5 12. Bxb7 Ra7 13. Bf3 Bd6 14. Ne4 Nxe4 15. Bxe4 Qc7 16. c3 Nc6 17. Qf3 Ne7 18. Bc2 c4 19. Rd1 O-O 20. Be3 Bc5 21. Bg5 Rb7 22. Rd2 Rfb8 23. Rad1 f5 24. Bxe7 Bxe7 25. g4 e4 26. Qg2 Rd8 27. gxf5 Rxd2 28. Rxd2 exf5 29. Bd1 Qf4 30. f3 Bc5+ 31. Kh1 h6 32. fxe4 fxe4 33. Rd8+ Kh7 34. Bh5 Rb6 35. Rd1 Rf6 36. Be2 Qe3 37. Bf1 Rf2 38. Qg4 Qf3+ 39. Qxf3 Rxf3 40. Bg2 Re3 41. Rd7 Kg6 42. Rc7 Bd6 43. Rc6 1-0


[Site "https://www.chess.com"]

[Event "Titled Tuesday Blitz July 25 Late 2023"]
[White "marik_spb"]
[Black "Graham, Nathaniel"]
[BlackFideId "2007983"]
[WhiteElo "2478"]
[BlackElo "2038"]
[Result "1-0"]
[Round "5"]
[TimeControl "180+2"]
[Date "2023.07.25"]
[WhiteClock "0:00:01"]
[BlackClock "0:00:00"]
[Board "113"]

1. e4 c5 2. c3 d5 3. exd5 Qxd5 4. d4 Nf6 5. dxc5 Qxc5 6. Be3 Qa5 7. Na3 Nc6 8. Nf3 Bg4 9. Be2 e5 10. Nc4 Qc7 11. O-O Be7 12. Re1 O-O 13. h3 Rfd8 14. Qb3 Be6 15. Qc2 h6 16. Rad1 Rac8 17. Rxd8+ Rxd8 18. Rd1 Rxd1+ 19. Qxd1 b5 20. Ncd2 b4 21. cxb4 Bxb4 22. a3 Ba5 23. b4 Bb6 24. Bxb6 Qxb6 25. Nc4 Bxc4 26. Bxc4 e4 27. Ne1 e3 28. fxe3 Qxe3+ 29. Kh1 Ne4 30. Qb1 Nd2 31. Qc1 Nxc4 32. Qxc4 Qxe1+ 33. Kh2 Qe5+ 34. Kh1 Qe1+ 35. Kh2 Qe5+ 36. Kh1 Nd4 37. Qa6 Qe1+ 38. Kh2 Ne2 39. Qxa7 Qf2 40. Qxf2 1-0


[Site "https://www.chess.com"]

[Event "Titled Tuesday Blitz July 25 Late 2023"]
[White "Pniaczek, Marek"]
[Black "Masterisback04"]
[WhiteFideId "21800421"]
[WhiteElo "2476"]
[BlackElo "1867"]
[Result "1-0"]
[Round "5"]
[TimeControl "180+2"]
[Date "2023.07.25"]
[WhiteClock "0:00:47"]
[BlackClock "0:00:00"]
[Board "114"]

1. e4 c6 2. Nf3 d5 3. Nc3 Bg4 4. Be2 e6 5. d4 Nf6 6. e5 Nfd7 7. Ng5 Bxe2 8. Nxe2 c5 9. c3 Nc6 10. h4 h6 11. Nf3 cxd4 12. cxd4 Be7 13. Rh3 Qb6 14. Rg3 g6 15. Kf1 Bf8 16. Bd2 Bg7 17. b4 Ne7 18. Rc1 O-O 19. h5 Nf5 20. Rg4 Rac8 21. hxg6 fxg6 22. Rxg6 Kh7 23. Rg4 Rxc1 24. Qxc1 Rg8 25. Ng3 Qb5+ 26. Kg1 Nb6 27. Qc2 Rc8 28. Qb1 Qd7 29. Nh4 Rf8 30. Nhxf5 exf5 31. Rf4 Nc4 32. Bc1 Qa4 33. Be3 1-0


[Site "https://www.chess.com"]

[Event "Titled Tuesday Blitz July 25 Late 2023"]
[White "Butolo, Alexandru-Mircea"]
[Black "Dinu, Dumitru-Daniel"]
[WhiteFideId "1261649"]
[BlackFideId "1208403"]
[WhiteElo "1830"]
[BlackElo "2473"]
[Result "1-0"]
[Round "5"]
[TimeControl "180+2"]
[Date "2023.07.25"]
[WhiteClock "0:00:07"]
[BlackClock "0:00:00"]
[Board "115"]

1. Nf3 d5 2. g3 Nf6 3. Bg2 Bg4 4. O-O c6 5. d3 e6 6. Nbd2 Nbd7 7. h3 Bxf3 8. exf3 Bd6 9. f4 O-O 10. Nf3 Re8 11. d4 c5 12. c3 cxd4 13. cxd4 Rc8 14. Ne5 Qb6 15. b3 Rc7 16. Be3 Rec8 17. g4 Ne4 18. g5 Nxe5 19. fxe5 Be7 20. Bxe4 dxe4 21. d5 Bc5 22. d6 Rd7 23. Rc1 Rdd8 24. Bxc5 Rxc5 25. Qe2 Rxe5 26. d7 Rxg5+ 27. Kh1 h6 28. Rc8 Rd5 29. Rd1 Rxd1+ 30. Qxd1 Kf8 31. a4 Ke7 32. a5 Qxa5 33. Qg4 Rxd7 34. Qxg7 Qg5 35. Qf8+ Kf6 36. Qh8+ Kg6 37. Rg8+ Kh5 38. Rxg5+ Kxg5 39. Qg7+ Kf5 40. Qxh6 Ke5 41. Kg2 Kd6 42. Qf4+ Kd5 43. Qd2+ Kc6 44. Qc3+ Kd6 45. Qd4+ Ke7 46. Qxe4 a6 47. Qh4+ Ke8 48. Qh8+ Ke7 49. Qh4+ Ke8 50. Qa4 Ke7 51. Kg3 Rd5 52. f4 Rb5 53. Qa3+ Kf6 54. b4 Kg6 55. Qd3+ Kg7 56. Qd4+ Kg6 57. h4 1-0


[Site "https://www.chess.com"]

[Event "Titled Tuesday Blitz July 25 Late 2023"]
[White "Miladinovic, Igor"]
[Black "Uzcategui Rodriguez, Alejandro"]
[WhiteFideId "4203380"]
[BlackFideId "3903400"]
[WhiteElo "2807"]
[BlackElo "2409"]
[Result "1-0"]
[Round "5"]
[TimeControl "180+2"]
[Date "2023.07.25"]
[WhiteClock "0:02:35"]
[BlackClock "0:01:36"]
[Board "116"]

1. d4 Nf6 2. Bg5 e6 3. e3 Be7 4. c3 b6 5. Nd2 Bb7 6. Bxf6 gxf6 7. Ngf3 c5 8. g3 Nc6 9. Bg2 d5 10. O-O Qc7 11. c4 dxc4 12. Nxc4 cxd4 13. exd4 Nb4 14. Rc1 Qd7 15. Nfe5 fxe5 16. Nxe5 Qd6 17. Bxb7 Rd8 18. a3 Nd5 19. Bc6+ Kf8 20. Qh5 1-0


[Site "https://www.chess.com"]